 Dungeon Crawl Stone Soup version 0.27.0-1-g7a089689b8 (webtiles) character file.

Game seed: 3049683612966091800

30020 EnegeticOcto the Severer (level 13, -6/175 (177) HPs)
             Began as a Minotaur Fighter on Aug 8, 2021.
             Was a High Priest of Ru.
             Mangled by an orc warlord (12 damage)
             ... on level 2 of the Orcish Mines.
             The game lasted 00:08:06 (15503 turns).

EnegeticOcto the Severer (Minotaur Fighter)        Turns: 15503, Time: 00:08:07

HP:   -6/175 (177)  AC: 25    Str: 26    XL:     13   Next: 18%
MP:   12/12         EV: 12    Int:  5    God:    Ru [*****.]
Gold: 1526          SH:  0    Dex: 12    Spells: 12/12 levels left

rFire    + . .     SeeInvis .   a - +7 broad axe "Beastslayer" {venom, Fragile rF+ Will+ Str+2}
rCold    . . .     Faith    .   (shield unavailable)
rNeg     . . .     Spirit   .   z - +1 crystal plate armour
rPois    .         Reflect  .   (helmet restricted)
rElec    .         Harm     .   (no cloak)
rCorr    .         Rampage  +   (no gloves)
Will     +....                  b - +2 pair of boots {rampage}
Stlth    ..........             (no amulet)
HPRegen  0.39/turn              (ring unavailable)
MPRegen  0.13/turn              G - +4 ring of evasion

@: berserking, exhausted, lightly drained, very quick
A: horns 2, missing a hand, hated by all, no earth magic, no summoning magic, no
transmutations magic, retaliatory headbutt
a: Renounce Religion, Draw Out Power, Power Leap, Apocalypse


You were on level 2 of the Orcish Mines.
You worshipped Ru.
Ru was extremely pleased with you.
You visited 2 branches of the dungeon, and saw 14 of its levels.
You also visited: Bailey.

You collected 1805 gold pieces.
You spent 279 gold pieces at shops.

Inventory:

Hand Weapons
 a - the +7 broad axe "Beastslayer" (weapon) {venom, Fragile rF+ Will+ Str+2}
   (You acquired it on level 6 of the Dungeon)

   It poisons the flesh of those it strikes.
   Str:       It affects your strength (+2).
   rF:        It protects you from fire.
   Fragile:   It will be destroyed if unequipped.
   Will:      It increases your willpower.
 t - a +0 vampiric war axe
Armour
 b - a +2 pair of boots of rampaging (worn)
 z - a +1 crystal plate armour (worn)
Jewellery
 k - a ring of see invisible
 v - a ring of wizardry
 y - a ring of willpower
 C - a ring of poison resistance
 G - a +4 ring of evasion (right hand)
 H - an amulet of magic regeneration
Wands
 F - a wand of iceblast (13) {@v2}
Scrolls
 c - 2 scrolls of magic mapping {@r5}
 i - a scroll of blinking {@r4}
 j - 2 scrolls of teleportation {@r3}
 r - 2 scrolls of enchant armour
 u - a scroll of fog
 D - a scroll of silence
Potions
 d - a potion of might {@q3}
 e - 2 potions of invisibility
 f - 2 potions of heal wounds {@q2}
 g - a potion of degeneration
 l - 4 potions of haste {@q4}
 m - 8 potions of curing {@q1}
 n - a potion of mutation {unknown}
 o - 3 potions of lignification
 p - a potion of cancellation
 q - a potion of brilliance
 s - a potion of magic
 x - a potion of resistance {@q5}
 A - 3 potions of flight {unknown}
Miscellaneous
 B - a tin of tremorstones (inert)


   Skills:
 + Level 12.1 Fighting
 * Level 15.7 Axes
 + Level 11.0 Armour
 + Level 8.4 Dodging
   Level 0.0 Shields
 + Level 4.5 Evocations


You had 12 spell levels left.
You didn't know any spells.
Your spell library was empty.

Dungeon Overview and Level Annotations

Branches:
Dungeon (12/15)            Temple (0/1) D:4            Lair (0/6) D:9
    Orc (2/2) D:12            Elf (0/3) Orc:2        Bailey (visited)

Altars:
Ru
Vehumet

Shops:
D:1 [   D:3 *   Orc:1 *

Annotations:
D:7 exclusions: 2 doors and 1 more exclusion
Orc:1 exclusion: downstairs


Innate Abilities, Weirdness & Mutations

You have a pair of horns on your head.
You are missing a hand.
You are hated by all.
You cannot study or cast Earth magic.
You cannot study or cast Summoning magic.
You cannot study or cast Transmutations magic.
You reflexively headbutt those who attack you in melee.


Message History

The orc warrior is severely wounded.
The orc warlord is no longer moving slowly.
You closely miss the orc warrior.
You headbutt the orc warrior, but do no damage.
You hit the orc warrior but do no damage.
The orc warrior hits you with a +0 flail.
The orc warlord roars a battlecry!
The orc warrior closely misses you.
There is a stone staircase leading up here.
Okay, then.
Really read the scroll of immolation?
As you read the scroll of immolation, it crumbles to dust.
The creatures around you are filled with an inner flame!
The orc warlord no longer looks unusually strong.
The orc priest calls down the wrath of Beogh upon you.
Beogh smites you!
* * * LOW HITPOINT WARNING * * *
The orc warlord roars a battlecry!
The orc warlord goes into a battle-frenzy!
The orc warrior hits you but does no damage.
Your crystal plate armour prevents you from hitting the orc warrior.
Your headbutt misses the orc warrior. You slice the orc!!
The orc explodes!
The fiery explosion engulfs the orc warrior!!
The fiery explosion engulfs you! You resist.
* * * LOW HITPOINT WARNING * * *
The fiery explosion engulfs the orc warrior!!
The orc warrior explodes!
The fiery explosion engulfs the orc warlord.
Flame seeps out of the orc warlord.
The orc warlord is heavily wounded.
The fiery explosion engulfs the orc warrior!
Flame seeps out of the orc warrior.
The orc warrior is heavily wounded.
The orc warrior explodes!
The fiery explosion engulfs you! You resist.
* * * LOW HITPOINT WARNING * * *
You are engulfed in blazing flames.
You resist.
* * * LOW HITPOINT WARNING * * *
You hear a shout! x5
The orc warlord is no longer moving slowly.
The orc warrior no longer looks unusually strong.
You redirect the orc warlord's attack!
You redirect the orc priest's attack!
The orc warlord roars a battlecry!
The orc warrior goes into a battle-frenzy!
The orc warrior is engulfed in blazing flames.
Flame seeps out of the orc warrior.
The orc warlord is engulfed in blazing flames.
Flame seeps out of the orc warlord.
The orc warrior is engulfed in blazing flames.
The orc warrior explodes!
The fiery explosion engulfs the orc warlord!!
Flame seeps out of the orc warlord.
The orc warlord is almost dead.
The fiery explosion engulfs the orc warlord.
The orc warlord resists.
Flame seeps out of the orc warlord.
The orc warlord is moderately wounded.
You hear a shout! x2
You feel much better.
You feel less exhausted.
The orc warlord is engulfed in blazing flames.
Flame seeps out of the orc warlord.
The orc priest calls upon Beogh to heal the orc warlord.
The orc warlord is healed somewhat.
The orc warlord is engulfed in blazing flames.
Flame seeps out of the orc warlord.
You are restored by drawing out deep reserves of power within.
You feel drained.
The orc warlord is engulfed in blazing flames.
Flame seeps out of the orc warlord.
The orc warlord barely misses you.
You slash the orc warlord!
Flame seeps out of the orc warlord.
You headbutt the orc warlord. You completely miss the orc.
The orc warlord explodes!
The fiery explosion engulfs you! You resist.
The fiery explosion engulfs the orc warlord!!
The orc warlord resists.
Flame seeps out of the orc warlord.
The orc warlord is heavily wounded.
The fiery explosion engulfs the orc!!!
The orc explodes!
The fiery explosion engulfs you. You resist.
You are engulfed in blazing flames.
You resist.
* * * LOW HITPOINT WARNING * * *
You hear a howl!
An orc wizard comes into view. It is wielding a +0 dagger.
The orc warlord is engulfed in blazing flames.
Flame seeps out of the orc warlord.
Your Armour skill increases to level 11!
The orc warlord is engulfed in blazing flames.
Flame seeps out of the orc warlord.
Okay, then.
A red film seems to cover your vision as you go berserk!
You feel yourself moving faster!
You feel mighty!
The orc wizard points at you and mumbles some strange words.
The magic dart hits you.
* * * LOW HITPOINT WARNING * * *
The orc priest miscasts a cantrip.
The orc warlord hits you with a +2 battleaxe of electrocution!!!
* * * LOW HITPOINT WARNING * * *
You are electrocuted!
You die...

### #######
##@#### ##.##..##
#.o§§§###.......#
##§§§§..........##
#§§§).....#.#...#
#§§§)....#...#.##
##o§#........####
##...>.)#.....##
#.....o........##
..
##..............#
..


You could see an orc warlord (inner flame, strong), an orc priest (inner flame,
strong) and an orc wizard (strong).

Vanquished Creatures
  A frost giant (D:11)
  An orc warlord (Orc:2)
  2 boulder beetles (D:11)
  A hydra (D:11)
  Erica (D:9)
  2 two-headed ogres
  An ogre mage (D:11)
  A centaur warrior (D:11)
  Sonja (Orc:1)
  An orc knight (Orc:2)
  Pikel (D:7)
  3 orc sorcerers
  3 cyclopes
  2 manticores
  3 ugly things
  Joseph (D:9)
  A gargoyle (D:10)
  2 unseen horrors
  An efreet (D:11)
  2 komodo dragons
  A yaktaur (D:11)
  2 kobold demonologists (D:12)
  A hornet (D:7)
  11 trolls
  2 shadows
  2 wyverns
  A vampire (D:12)
  7 yaks
  A basilisk (D:12)
  Menkaure (D:4)
  3 steam dragons
  7 vampire mosquitoes (D:12)
  4 wargs
  2 acid dragons
  29 orc warriors
  Duvessa (D:7)
  A hornet zombie (D:7)
  3 necrophages
  A black bear (D:9)
  2 ice beasts (D:7)
  4 ogres
  A phantom (D:6)
  2 centaurs
  3 kobold brigands
  A lemure (D:7)
  6 bullfrogs
  Blork the orc (D:5)
  3 gnoll sergeants
  4 scorpions
  A wyvern skeleton (D:7)
  Dowan (D:7)
  4 bullfrog zombies
  3 centaur zombies
  3 jellies
  2 hounds
  11 orc priests
  A bullfrog skeleton (D:4)
  5 centaur skeletons
  5 iguanas
  23 orc wizards
  A killer bee zombie (D:7)
  15 gnolls
  A howler monkey skeleton (D:7)
  6 adders
  2 white imps (D:6)
  3 ufetubi
  2 worms
  2 dart slugs
  65 orcs
  A bat (D:1)
  14 endoplasms
  2 giant cockroaches
  6 goblins
  12 hobgoblins
  11 jackals
  22 kobolds
  4 quokkas
  2 ball pythons
  6 frilled lizards
  5 rats
379 creatures vanquished.

Vanquished Creatures (others)
  A hydra (D:11)
  16 fungi
  14 plants
  8 toadstools (D:2)
39 creatures vanquished.

Grand Total: 418 creatures vanquished

Notes
Turn   | Place    | Note
-------+----------+-------------------------------------------
     0 | D:1      | EnegeticOcto the Minotaur Fighter began the quest for the
                  | Orb.
     0 | D:1      | Reached XP level 1. HP: 19/19 MP: 0/0
   292 | D:1      | Reached XP level 2. HP: 27/27 MP: 1/1
   411 | D:1      | Reached skill level 3 in Axes
   960 | D:1      | Found Ytoschom's Armour Shoppe.
  1224 | D:2      | Reached XP level 3. HP: 17/33 MP: 2/2
  1685 | D:2      | Found a radiant altar of Vehumet.
  2032 | D:2      | Reached skill level 4 in Axes
  2032 | D:2      | Reached XP level 4. HP: 36/40 MP: 3/3
  2064 | D:2      | Reached skill level 5 in Shields
  2558 | D:3      | Reached XP level 5. HP: 47/47 MP: 4/4
  2869 | D:3      | Found Hikh's Assorted Antiques.
  3010 | D:3      | Found a sacrificial altar of Ru.
  3021 | D:3      | Became a worshipper of Ru the Awakened
  3386 | D:4      | Noticed Menkaure
  3396 | D:4      | Killed Menkaure
  3397 | D:4      | Reached skill level 5 in Axes
  3397 | D:4      | Reached XP level 6. HP: 16/55 MP: 5/5
  3647 | D:4      | Reached skill level 5 in Fighting
  4039 | D:4      | Reached skill level 6 in Axes
  4195 | D:4      | Reached XP level 7. HP: 59/61 MP: 6/6
  4226 | D:4      | Found a staircase to the Ecumenical Temple.
  4379 | D:5      | Entered Level 5 of the Dungeon
  4464 | D:5      | Gained mutation: You cannot study or cast Earth magic. [Ru
                  | sacrifice]
  4464 | D:5      | Gained mutation: You cannot study or cast Transmutations
                  | magic. [Ru sacrifice]
  4464 | D:5      | Gained mutation: You cannot study or cast Summoning magic.
                  | [Ru sacrifice]
  4464 | D:5      | Reached * piety under Ru
  4739 | D:5      | Noticed Blork the orc
  4747 | D:5      | Killed Blork the orc
  5383 | D:6      | Reached skill level 7 in Axes
  5672 | D:6      | Reached XP level 8. HP: 63/70 MP: 7/7
  5959 | D:6      | Identified a scroll of acquirement
  5959 | D:6      | Acquired the +7 broad axe "Beastslayer" {venom, Fragile rF+
                  | Will+ Str+2}
  6250 | D:1      | Bought a +2 pair of boots of rampaging for 279 gold pieces
  6499 | D:7      | Noticed Dowan
  6500 | D:7      | Noticed Duvessa
  6508 | D:7      | Killed Dowan
  6509 | D:7      | Reached skill level 8 in Axes
  6509 | D:7      | Killed Duvessa
  6576 | D:7      | Noticed a purple ugly thing
  6588 | D:7      | Killed a purple ugly thing
  6589 | D:7      | Reached skill level 9 in Axes
  6589 | D:7      | Reached skill level 5 in Armour
  6589 | D:7      | Reached XP level 9. HP: 33/79 MP: 8/8
  6823 | D:7      | Noticed a komodo dragon
  6831 | D:7      | Killed a komodo dragon
  6832 | D:7      | Reached skill level 10 in Shields
  6942 | D:7      | Reached skill level 10 in Axes
  7222 | D:7      | Gained mutation: You are missing a hand. [Ru sacrifice]
  7222 | D:7      | Reached ** piety under Ru
  7222 | D:7      | Reached *** piety under Ru
  7389 | D:7      | Noticed Pikel
  7395 | D:7      | Killed Pikel
  7396 | D:7      | Reached skill level 1 in Dodging
  7396 | D:7      | Reached XP level 10. HP: 88/89 MP: 9/9
  7557 | D:7      | Noticed a cyclops
  7565 | D:7      | Killed a cyclops
  7701 | D:7      | Reached skill level 11 in Axes
  8126 | D:8      | You fall into a shaft and drop 1 floor!
  8914 | D:9      | Noticed Joseph
  8927 | D:9      | Killed Joseph
  8928 | D:9      | Reached skill level 12 in Axes
  9501 | D:9      | Noticed Erica
  9509 | D:9      | Killed Erica
  9685 | D:9      | Found a staircase to the Lair.
  9813 | D:10     | Entered Level 10 of the Dungeon
  9882 | D:10     | Reached XP level 11. HP: 76/97 MP: 10/10
 10262 | D:10     | Noticed a red ugly thing
 10274 | D:10     | Killed a red ugly thing
 10532 | D:10     | Reached skill level 5 in Dodging
 10534 | D:10     | Gained mutation: You are hated by all. [Ru sacrifice]
 10534 | D:10     | Reached **** piety under Ru
 10534 | D:10     | Reached ***** piety under Ru
 10859 | D:11     | Noticed a two-headed ogre
 10867 | D:11     | Killed a two-headed ogre
 10868 | D:11     | Reached skill level 10 in Fighting
 10963 | D:11     | Reached skill level 13 in Axes
 11114 | D:11     | Noticed a boulder beetle
 11124 | D:11     | Killed a boulder beetle
 11332 | D:11     | Noticed a boulder beetle
 11347 | D:11     | Killed a boulder beetle
 11964 | D:11     | Identified the +6 flail of Fate {spect, rF+++ Int+6}
 12050 | D:11     | Noticed a four-headed hydra
 12056 | D:11     | Killed an eight-headed hydra
 12218 | D:11     | Noticed a frost giant
 12226 | D:11     | Killed a frost giant
 12227 | D:11     | Reached skill level 14 in Axes
 12227 | D:11     | Reached skill level 1 in Evocations
 12227 | D:11     | Noticed a seven-headed hydra
 12506 | D:11     | Reached XP level 12. HP: 108/108 MP: 11/11
 12518 | D:11     | Killed an 11-headed hydra
 12657 | D:11     | Noticed an ogre mage
 12662 | D:11     | Killed an ogre mage
 12665 | D:11     | Noticed a centaur warrior
 12668 | D:11     | Killed a centaur warrior
 12813 | D:12     | Noticed a two-headed ogre
 12821 | D:12     | Killed a two-headed ogre
 12822 | D:12     | Reached skill level 10 in Armour
 13963 | D:12     | Found a staircase to the Orcish Mines.
 13989 | Orc:1    | Entered Level 1 of the Orcish Mines
 13989 | Orc:1    | Noticed Sonja
 13998 | Orc:1    | Found a flagged portal.
 14000 | Orc:1    | Killed Sonja
 14001 | Orc:1    | Reached skill level 15 in Axes
 14232 | Bailey   | Entered a bailey
 14445 | Bailey   | Found a bloodstained altar of Trog.
 14787 | Orc:1    | Found Vaicsyez's General Store.
 15130 | Orc:2    | Entered Level 2 of the Orcish Mines
 15255 | Orc:2    | Found a staircase to the Elven Halls.
 15447 | Orc:2    | Noticed an orc warlord
 15449 | Orc:2    | Noticed an orc warlord
 15458 | Orc:2    | Reached XP level 13. HP: 29/113 MP: 3/12
 15497 | Orc:2    | HP: 4/114 [spore (8)]
 15501 | Orc:2    | Killed an orc warlord
 15503 | Orc:2    | HP: 6/175 [orc warlord (36)]
 15503 | Orc:2    | Mangled by an orc warlord

Illustrated notes

Levels and vault maps discovered:
D:1:      dpeg_arrival_windows_large_door, layout_loops_corners, serial_shops,
          shop
D:2:      cheibrodos_fertilizer, layout_basic, basic_altar, kennysheep_nub
D:3:      corexii_shack_village, layout_loops_ring, hangedman_ru_absence,
          serial_shops, nicolae_shop_overgrown_old_shop, item_on_display_a
D:4:      layout_loops_ring, minmay_temple_entry_enclosed_plants, uniq_menkaure
D:5:      layout_loops_ring, uniq_blork_the_orc
D:6:      layout_rooms
D:7:      cheibrodos_fzero, layout_gridville, nrook_pool_corridor,
          kennysheep_generic_room_5, uniq_duvessa, uniq_pikel
D:8:      layout_loops_cross
D:9:      layout_loops_ring, grunt_lair_entry_orc_guard_hut, uniq_erica,
          uniq_joseph
D:10:     layout_basic
D:11:     layout_irregular_city, minmay_evil_grid
D:12:     layout_basic, orc_0_dummy
Orc:1:    nicolae_orc_accident_3, layout_caves, serial_shops, shop,
          enter_bailey_4, uniq_sonja
Orc:2:    st_orc_congregation, layout_caves, basic_altar, kennysheep_orc_chapel

Skill      XL: |  1  2  3  4  5  6  7  8  9 10 11 12 13 |
---------------+----------------------------------------+-----
Axes           | 3 4 5 6 7 9 10 12 14 15 | 15.7
Shields        | 4 5 6 7 9 0 |  0.0
Fighting       | 4 5 6 7 8 9 10 12 | 12.1
Armour         | 5 6 8 9 10 11 | 11.0
Dodging        | 1 4 6 8 |  8.4
Evocations     | 1 4 |  4.5

Action                   |  1- 3 |  4- 6 |  7- 9 | 10-12 | 13-15 || total
-------------------------+-------+-------+-------+-------+-------++-------
Melee: War axe           |   101 |   130 |   113 |       |       ||   344
       Headbutt          |    15 |    17 |    39 |    95 |     4 ||   170
       Broad axe         |       |       |    78 |   419 |    11 ||   508
Invok: Sacrifice Arcana  |       |       |     1 |       |       ||     1
       Sacrifice a Hand  |       |       |     1 |       |       ||     1
       Draw Out Power    |       |       |       |     3 |     1 ||     4
       Apocalypse        |       |       |       |     3 |       ||     3
       Sacrifice Love    |       |       |       |     1 |       ||     1
       Reject Sacrifices |       |       |       |     1 |       ||     1
Evoke: Tin of tremorston |       |       |       |     2 |       ||     2
  Use: Scroll            |       |     2 |    15 |     6 |     1 ||    24
       Potion            |       |       |     1 |       |     3 ||     4
 Stab: Invisible         |       |       |       |     2 |       ||     2
       Paralysed         |       |       |       |     4 |       ||     4
       Distracted        |       |       |       |     1 |       ||     1
Armor: Scale mail        |     5 |       |       |       |       ||     5
       Plate armour      |    70 |    57 |    28 |       |       ||   155
       Crystal plate arm |       |       |    94 |   286 |     2 ||   382
Dodge: Dodged            |    13 |    10 |     8 |   152 |     5 ||   188
Block: Tower shield      |   109 |   101 |   195 |       |       ||   405
